 Dungeon Crawl Stone Soup version 0.32-a0-673-g3729bd5 (webtiles) character file.

Game seed: 13934486064689866067

4662 Meow the Fighter (level 10, -1/106 HPs)
             Began as a Naga Conjurer on Mar 10, 2024.
             Was an Initiate of Gozag.
             Succumbed to a gnoll's poison
             ... on level 9 of the Dungeon.
             The game lasted 00:24:52 (7527 turns).

Meow the Fighter (Naga Conjurer)                    Turns: 7527, Time: 00:24:53

Health: -1/106     AC:  6    Str:  9    XL:     10   Next: 43%
Magic:  11/22      EV:  9    Int: 24    God:    Gozag
Gold:   622        SH:  0    Dex:  9    Spells: 15/25 levels left

rFire   + + .        a - +8 shortbow "Seghy" {freeze, rF+ Stlth+}
rCold   . . .        (shield currently unavailable)
rNeg    . . .        d - +0 robe
rPois   +            h - +0 helmet
rElec   .            (no cloak)
rCorr   .            j - +0 pair of gloves
SInv    +            (no barding)
Will    +....        (no amulet)
Stlth   +++          c - ring of protection from cold
HPRegen 0.37/turn    x - ring of fire
MPRegen 0.18/turn

%: no passive effects
@: lethally poisoned (-1 -> -4), gold aura, slowed, studying Fighting, very slow
A: AC +3, large, see invisible, deformed body, poison resistance, slowness 2,
spit poison 1, naga tail 1
a: Spit Poison, Renounce Religion, Potion Petition, Call Merchant, Bribe Branch


You were on level 9 of the Dungeon.
You worshipped Gozag.
Gozag was pleased with you.
You visited 2 branches of the dungeon, and saw 10 of its levels.
You also visited: Sewer.

You collected 952 gold pieces.
You spent 208 gold pieces at shops.
You paid 122 gold pieces to Gozag.

Inventory:

Hand Weapons
 a - the +8 shortbow "Seghy" (weapon) {freeze, rF+ Stlth+}
   (You bought it in a shop on level 4 of the Dungeon)

   rF+:       It protects you from fire.
   Stlth+:    It makes you more stealthy.
 b - a +1 mace of venom
 A - a +0 quarterstaff
 E - a +0 sling
Armour
 d - a +0 robe (worn)
 h - a +0 helmet (worn)
 j - a +0 pair of gloves (worn)
Jewellery
 c - a ring of protection from cold (left hand)
 x - a ring of fire (right hand)
 D - a ring of protection from fire
 K - a ring of willpower
Talismans
 w - a beast talisman
Wands
 J - a wand of roots (22)
 L - a wand of mindburst (13)
 M - a wand of flame (9)
Scrolls
 i - 13 scrolls of identify {unknown}
 q - 3 scrolls of teleportation
 r - a scroll of acquirement {unknown}
 s - 2 scrolls of amnesia {unknown}
 v - a scroll of summoning {unknown}
 y - 2 scrolls of enchant weapon {unknown}
 z - 6 scrolls of vulnerability {unknown}
 C - a scroll of noise {unknown}
 H - 2 scrolls of blinking {unknown}
 I - 3 scrolls of revelation {unknown}
 N - a scroll of torment {unknown}
Potions
 e - 5 potions of attraction {unknown}
 f - 2 potions of might {unknown}
 g - 5 potions of curing {unknown}
 k - 2 potions of haste {unknown}
 l - 2 potions of magic
 m - a potion of mutation {unknown}
 n - a potion of berserk rage {unknown}
 o - 4 potions of resistance {unknown}
 p - 5 potions of enlightenment
 t - 2 potions of heal wounds {unknown}
 u - a potion of ambrosia {unknown}
 B - a potion of brilliance {unknown}
 F - a potion of invisibility {unknown}
 G - a potion of lignification {unknown}


   Skills:
 + Level 11.9 Fighting
 - Level 1.5 Dodging
 - Level 3.0 Stealth
 - Level 8.0 Spellcasting
 - Level 10.0 Conjurations


You had 15 spell levels left.
You knew the following spells:

 Your Spells              Type           Power      Damage    Failure   Level
a - Magic Dart            Conj           100%       1d8       1%          1
b - Searing Ray           Conj           100%       2d8       1%          2
t - Hailstorm             Conj/Ice       33%        3d8       2%          3
F - Fulminant Prism       Conj/Alch      16%        3d10      9%          4

Your spell library contained the following spells:

 Spells                   Type           Power      Damage    Failure   Level
 Foxfire                  Conj/Fire      100%       2x1d9     1%          1
 Static Discharge         Conj/Air       66%        3-6/arc   1%          2
 Iskenderun's Battlesphe  Conj           55%        2d11      3%          5
 Apportation              Tloc           18%        N/A       6%          1
 Brom's Barrelling Bould  Conj/Erth      33%        2d5       9%          4
 Iskenderun's Mystic Bla  Conj/Tloc      33%        2d8       9%          4
 Jinxbite                 Hex            18%        N/A       10%         2
 Summon Ice Beast         Ice/Summ       9%         N/A       19%         3
 Fireball                 Conj/Fire      25%        3d11      22%         5
 Airstrike                Air            4%         2d(1-17)  54%         4
 Summon Blazeheart Golem  Fire/Summ      14%        N/A       54%         4
 Summon Lightning Spire   Summ/Air       9%         N/A       54%         4
 Orb of Destruction       Conj           27%        9d9       65%         7
 Conjure Ball Lightning   Conj/Air       16%        3x3d6     77%         6
 Starburst                Conj/Fire      25%        6d8       77%         6
 Alistair's Intoxication  Alch           6%         N/A       87%         5
 Borgnjor's Vile Clutch   Necr/Erth      4%         N/A       87%         5
 Eringya's Noxious Bog    Alch           4%         4d6       100%        6
 Plasma Beam              Fire/Air       7%         2x1d17    100%        6
 Sculpt Simulacrum        Ice/Alch       4%         N/A       100%        6
 Spellforged Servitor     Conj/Summ      16%        N/A       100%        7


Dungeon Overview and Level Annotations

Branches:
Dungeon (9/15)             Temple (1/1) D:6           Sewer (visited)
   Lair: D:8-11         Orc: D:9-12

Altars:
Ashenzari
Cheibriados
Dithmenos
Elyvilon
Fedhas
Gozag
Hepliaklqana
Kikubaaqudgha
Makhleb
Nemelex Xobeh
Okawaru
Qazlal
Ru
Sif Muna
Trog
Uskayaw
Vehumet
Wu Jian
Xom
Yredelemnul
Zin
The Shining One

Shops:
D:4 (   D:6 *

Annotations:
D:5 3 runed translucent doors, tlatlagkaus's ghost, novice DjIE


Innate Abilities, Weirdness & Mutations

Your serpentine skin is tough. (AC +3)
You have supernaturally acute eyesight. (SInv)
Armour fits poorly on your strangely shaped body.
Your system is resistant to poisons. (rPois)
You cover ground very slowly.
You can spit poison.
You have a snake-like lower body.


Message History

The gnoll hits you from afar with a +2 spear of venom.
Casting: Fulminant Prism (dangerous; 9% risk of failure)
Confirm with . or Enter, or press ? or * to list all spells.
Okay, then.
Unknown command.
The gnoll hits you but does no damage.
The gnoll hits you from afar with a +2 spear of venom.
The gnoll sergeant hits you from afar with a +1 trident of pain!
* * * LOW HITPOINT WARNING * * *
Your fulminant prism crackles loudly.
Unknown command.
Unknown command.
Okay, then.
The gnoll hits you from afar with a +2 spear of venom.
* * * LOW HITPOINT WARNING * * *
You are poisoned.
The gnoll sergeant hits you from afar with a +1 trident of pain!
* * * LOW HITPOINT WARNING * * *
You writhe in agony.
* * * LOW HITPOINT WARNING * * *
Your fulminant prism explodes!
The blast of energy engulfs the centaur!
The centaur is severely wounded.
The blast of energy engulfs the gnoll!
You kill the gnoll!
The blast of energy engulfs the gnoll sergeant.
The gnoll sergeant is almost dead.
The blast of energy engulfs the gnoll!!
You kill the gnoll!
Unknown command.
* * * LOW HITPOINT WARNING * * *
You feel very sick. The gnoll misses you.
The gnoll sergeant is distracted by your dazzling golden aura.
The wraith hits you.
* * * LOW HITPOINT WARNING * * *
The wraith drains your vigour!
You feel yourself slow down.
Unknown command.
You die...
Your body crumbles into a pile of gold.

#.........##
#..........#
#........#.####
#....~...#..#.#
####..).....##...###..
#....)......##.$..$...
+..)).......##cgg####.
#...##########W#.#
#...# #....@..#.#
#.### #.#######.# #.#
.. #)##### . #)....#
###.....###
#..<......(
#.#.....### #.#######


You could see a wraith, a gnoll sergeant (unaware) and a gnoll.

Vanquished Creatures
  A two-headed ogre (D:8)
  Maggie (D:8)
  Prince Ribbit (D:8)
  3 yaks
  Menkaure (D:7)
  A water moccasin (D:8)
  An acid dragon (D:7)
  3 sky beasts
  An orc warrior (D:5)
  3 ice beasts
  3 black bears
  An ogre (D:5)
  2 crocodiles (Sewer)
  2 kobold brigands
  3 bullfrogs
  Blork the orc (D:4)
  2 scorpions
  3 wights (D:9)
  A howler monkey (D:7)
  2 bombardier beetles (D:7)
  3 hounds
  3 jellies
  An orc priest (D:6)
  2 sleepcaps
  5 iguanas
  Jessica (D:2)
  Terence (D:2)
  3 orc wizards (D:6)
  A sickly merfolk siren (Sewer)
  A malarious merfolk avatar (Sewer)
  2 gnolls (D:9)
  11 adders
  3 river rats
  2 shadow imps
  2 white imps
  2 ufetubi (D:5)
  3 ribbon worms
  3 dart slugs
  25 orcs
  11 ball pythons
  2 bats
  5 endoplasms
  6 giant cockroaches
  7 goblins
  5 hobgoblins
  3 quokkas
  9 frilled lizards
  6 kobolds
  24 rats
188 creatures vanquished.

Vanquished Creatures (others)
  3 fulminant prisms
3 creatures vanquished.

Grand Total: 191 creatures vanquished

Notes
Turn   | Place    | Note
-------+----------+-------------------------------------------
     0 | D:1      | Meow the Naga Conjurer began the quest for the Orb.
     0 | D:1      | Reached XP level 1. HP: 15/15 MP: 3/3
   100 | D:1      | Reached XP level 2. HP: 22/22 MP: 0/5
   456 | D:1      | Reached XP level 3. HP: 28/28 MP: 3/6
   459 | D:1      | Learned a level 2 spell: Searing Ray
   812 | D:2      | Noticed Terence
  1138 | D:2      | Noticed Jessica
  1140 | D:2      | Killed Jessica
  1141 | D:2      | Reached XP level 4. HP: 36/36 MP: 5/8
  1234 | D:3      | Found a faded altar of an unknown god.
  1283 | D:3      | Reached skill level 5 in Conjurations
  1435 | D:3      | Reached XP level 5. HP: 42/42 MP: 1/10
  1452 | D:3      | Found a glowing drain.
  1462 | Sewer    | Entered a sewer
  1871 | Sewer    | Noticed a crocodile
  1917 | Sewer    | Learned a level 4 spell: Fulminant Prism
  1927 | Sewer    | Noticed a crocodile
  1929 | Sewer    | Killed a crocodile
  1930 | Sewer    | Reached XP level 6. HP: 25/49 MP: 2/12
  2906 | D:2      | Killed Terence
  2907 | D:2      | Reached XP level 7. HP: 41/55 MP: 6/14
  2994 | D:4      | Noticed Blork the orc
  3006 | D:3      | Reached skill level 5 in Spellcasting
  3212 | D:4      | Killed Blork the orc
  3410 | D:4      | Found Wenusa's Antique Weapon Emporium.
  3419 | D:4      | Bought a pitted shortbow for 208 gold pieces
  3419 | D:4      | Identified the +8 shortbow "Seghy" {freeze, rF+ Stlth+}
                  | (You bought it in a shop on level 4 of the Dungeon)
  3587 | D:5      | Entered Level 5 of the Dungeon
  3587 | D:5      | Found a runed translucent gate.
  3587 | D:5      | Found a runed translucent gate.
  3714 | D:5      | Reached skill level 1 in Fighting
  3879 | D:5      | Learned a level 3 spell: Hailstorm
  4034 | D:5      | Reached skill level 2 in Fighting
  4163 | D:5      | Reached XP level 8. HP: 68/68 MP: 12/16
  4242 | D:5      | Found a runed translucent gate.
  4249 | D:5      | Noticed tlatlagkaus's ghost (novice DjIE)
  4258 | D:5      | Reached skill level 3 in Fighting
  4304 | D:5      | Found a blossoming altar of Fedhas.
  4304 | D:5      | Found a bloodstained altar of Trog.
  4559 | D:6      | Reached skill level 4 in Fighting
  4723 | D:6      | Reached skill level 5 in Fighting
  4882 | D:6      | Reached skill level 6 in Fighting
  4934 | D:6      | Noticed a yak
  4934 | D:6      | Noticed a yak
  4934 | D:6      | Noticed a yak
  4957 | D:5      | Killed a yak
  4958 | D:5      | Reached XP level 9. HP: 52/85 MP: 12/18
  5213 | D:6      | Found Biytas's General Store.
  5431 | D:6      | Found a staircase to the Ecumenical Temple.
  5437 | Temple   | Entered the Ecumenical Temple
  5524 | Temple   | Became a worshipper of Gozag Ym Sagoz the Greedy
  5645 | D:6      | Reached skill level 7 in Fighting
  5838 | D:7      | Noticed Menkaure
  5842 | D:7      | Killed Menkaure
  5857 | D:7      | Reached skill level 8 in Fighting
  6019 | D:7      | Found a snail-covered altar of Cheibriados.
  6700 | D:8      | Noticed Maggie
  6713 | D:8      | Killed Maggie
  6768 | D:8      | Noticed Prince Ribbit
  6776 | D:8      | Killed Prince Ribbit
  6777 | D:8      | Reached skill level 9 in Fighting
  6810 | D:8      | Reached XP level 10. HP: 99/99 MP: 17/21
  6917 | D:8      | Reached skill level 10 in Fighting
  6929 | D:8      | Noticed a two-headed ogre
  6961 | D:8      | Reached skill level 10 in Conjurations
  6969 | D:8      | Killed a two-headed ogre
  6970 | D:8      | Reached skill level 11 in Fighting
  7051 | D:8      | Found a hide-covered altar of Uskayaw.
  7058 | D:8      | Found a burning altar of Makhleb.
  7525 | D:9      | HP: 5/106 [gnoll sergeant/+1 trident of pain (2)]
  7526 | D:9      | HP: 1/106 [wraith (2)]
  7527 | D:9      | Succumbed to a gnoll's poison

Illustrated notes

Levels and vault maps discovered:
D:1:      grunt_arrival_lava_bath, layout_basic, minmay_tetromino_s2
D:2:      layout_rooms, kennysheep_jessica_study, uniq_terence
D:3:      layout_loops_ring, gup_sewer_entry_spiral,
          ebering_ecumenical_altar_mist, chequers_garden
D:4:      cheibrodos_quashed, layout_rooms, serial_shops,
          nicolae_shop_gibbet_a_chance, uniq_blork_the_orc
D:5:      layout_gridville, chequers_temple_overflow_statue_of_worship,
          ebering_ghost_rock_garden, minmay_manual_mess
D:6:      layout_cave_pools, minmay_temple_entry_hall, roderic_roman_lattice,
          nicolae_inconvenience_store
D:7:      layout_basic, lemuel_doored_altar,
          nicolae_concentric_dashed_squares_wild, uniq_menkaure
D:8:      layout_cave_pools, jmf_multi_god_temple, uniq_prince_ribbit1,
          uniq_maggie
D:9:      layout_basic, kennysheep_nondescript, uniq_harold, uniq_amaemon
Temple:   minmay_crystal_spiral_temple

Skill      XL: |  1  2  3  4  5  6  7  8  9 10 |
---------------+-------------------------------+-----
Spellcasting   | 3 4 5 6 7 8 |  8.0
Conjurations   | 5 6 7 8 9 10 | 10.0
Fighting       | 2 6 9 11 | 11.9
Dodging        | |  1.5
Stealth        | |  3.0

Action                     |  1- 3 |  4- 6 |  7- 9 | 10-12 || total
---------------------------+-------+-------+-------+-------++-------
  Melee: Quarterstaff      |       |     7 |       |       ||     7
         Shortbow          |       |       |     1 |       ||     1
   Fire: Shortbow          |       |       |    66 |    29 ||    95
   Cast: Magic Dart        |    32 |    13 |     6 |       ||    51
         Searing Ray       |     4 |    25 |    59 |    15 ||   103
         Fulminant Prism   |       |       |     1 |     2 ||     3
Ability: Spit Poison       |    17 |    28 |    49 |     7 ||   101
  Evoke: Wand              |       |       |       |     2 ||     2
    Use: Scroll            |       |       |     1 |       ||     1
 Armour: Robe              |     3 |    32 |    50 |    20 ||   105
  Dodge: Dodged            |     1 |    15 |    40 |     9 ||    65

Table legend: (Time is in decaauts)
 A = Elapsed time spent in this place.
 B = Non-inter-level travel time spent in this place.
 C = Inter-level travel time spent in this place.
 D = Time resting spent in this place.
 E = Time spent auto-exploring this place.
 F = Levels seen in this place.
 G = Mean time per level.
                   A        B        C        D        E       F      G
               +--------+--------+--------+--------+--------+-----+--------+
         Total |   9598 |   9083 |    515 |   1670 |   5562 |  11 |  872.5 |
       Dungeon |   8334 |   8060 |    274 |   1166 |   5287 |   9 |  926.0 |
        Temple |    243 |      3 |    240 |      0 |      0 |   1 |  243.0 |
         Sewer |   1020 |   1020 |      0 |    503 |    274 |   1 | 1020.0 |
               +--------+--------+--------+--------+--------+-----+--------+

Top non-repeatable levels by time:
     D:5: 1392 daAuts
     D:7: 1229 daAuts
     D:6: 1174 daAuts
   Sewer: 1020 daAuts
     D:3: 990 daAuts
     D:8: 967 daAuts
     D:1: 887 daAuts
     D:2: 865 daAuts
     D:4: 694 daAuts
  Temple: 243 daAuts
     D:9: 133 daAuts
